 Dungeon Crawl Stone Soup version 0.27-a0-811-ga052575696 (webtiles) character file.

Game seed: 6133111198459559170

702 CovertPenguin the Magician (level 7, 0/45 HPs)
             Began as a Djinni Ice Elementalist on Mar 29, 2021.
             Was a Follower of Ru.
             Slain by an iguana (13 damage)
             ... on level 5 of the Dungeon.
             The game lasted 00:12:15 (5992 turns).

CovertPenguin the Magician (DjIE)                   Turns: 5992, Time: 00:12:16

Health: 0/45       AC:  2    Str:  7    XL:     7   Next: 66%
Gold:   207        EV: 12    Int: 18    God:    Ru [*.....] SH:  0 Dex: 14

rFire    + + .     SeeInvis .   k - staff of cold
rCold    . . .     Faith    .   (no shield)
rNeg     . . .     Spirit   .   a - +0 robe
rPois    ∞         Reflect  .   (no helmet)
rElec    .         Harm     .   (no cloak)
rCorr    .         Rampage  .   (no gloves)
Will     .....                  (boots unavailable)
Stlth    ++........             (no amulet)
HPRegen  0.15/turn              (no ring)
MPRegen  0.00/turn              (no ring)

@: flying
A: fire resistance 2, cold vulnerability 1, unskilled 1, float, innate caster,
hp casting, extra vitality 1
a: Renounce Religion


You were on level 5 of the Dungeon.
You worshipped Ru.
Ru was aware of your devotion.
You visited 1 branch of the dungeon, and saw 5 of its levels.

You collected 207 gold pieces.

Inventory:

Hand Weapons
 n - a +1 dagger of flaming
   (You took it off a kobold on level 3 of the Dungeon)
 p - the +7 whip of Medinir {freeze, rC- Will+ Int+6 Stlth+}
   (You found it on level 4 of the Dungeon)

   It has been specially enchanted to freeze those struck by it, causing extra
   injury to most foes and up to half again as much damage against particularly
   susceptible opponents.
   It can also slow down cold-blooded creatures.
   It affects your intelligence (+6).
   It makes you vulnerable to cold.
   It increases your willpower.
   It makes you more stealthy.
Missiles
 b - 151 stones (quivered)
 c - 8 curare-tipped darts {!f}
 f - 8 boomerangs
 l - 22 poisoned darts
Armour
 a - a +0 robe (worn)
Magical Staves
 k - a staff of cold (weapon)
   (You took it off a kobold on level 2 of the Dungeon)
Jewellery
 j - an amulet of faith {!P}
   (You found it on level 2 of the Dungeon)
Wands
 u - a wand of paralysis (25)
   (You found it on level 3 of the Dungeon)
Scrolls
 g - a scroll of enchant armour {unknown}
 h - 3 scrolls of identify {unknown}
 i - a scroll of amnesia {unknown}
 o - 2 scrolls of noise {unknown}
 q - 2 scrolls of blinking {unknown}
Potions
 d - a potion of heal wounds {unknown}
 e - a potion of curing {unknown}
 m - a potion of mutation {unknown}
 r - a potion of might {unknown}
 s - a potion of resistance {unknown}
 t - a potion of degeneration {unknown}


   Skills:
 - Level 2.0 Dodging
 - Level 1.4 Stealth
 * Level 7.1 Spellcasting


You couldn't memorise any spells.
You knew the following spells:

 Your Spells              Type           Power      Damage    Failure   Level
a - Freeze                Ice            100%       1d11      1%          1
b - Frozen Ramparts       Ice            96%        1d11      1%          3
c - Vampiric Draining     Necr           16%        2d8       1%          3
d - Hailstorm             Conj/Ice       48%        3d11      5%          4
e - Summon Ice Beast      Ice/Summ       48%        N/A       5%          4
f - Pain                  Necr           100%       1d9       1%          1
g - Poisonous Vapours     Pois/Air       64%        N/A       1%          2
h - Ozocubu's Armour      Ice            48%        N/A       1%          3
Your spell library was empty.

Dungeon Overview and Level Annotations

Branches:
Dungeon (5/15)
 Temple: D:4-7

Altars:
Elyvilon
Hepliaklqana
Ru
Sif Muna
Xom
The Shining One


Innate Abilities, Weirdness & Mutations

You are immune to poison.
Your flesh is very heat resistant. (rF++)
You are vulnerable to cold. (rC-)
You are somewhat unskilled. (-1 Apt)
You float through the air rather than walking.
You learn spells naturally, not from books.
Your magical power is your life essence.
You have superior vitality. (+4 HP)


Message History

The bullfrog zombie resists.
The wall freezes the bullfrog zombie.
The bullfrog zombie closely misses you.
The bullfrog zombie resists.
The wall freezes the bullfrog zombie.
The bullfrog zombie hits you.
* * * LOW HITPOINT WARNING * * *
You closely miss the bullfrog zombie.
The bullfrog zombie completely resists.
The wall freezes the bullfrog zombie but does no damage.
The bullfrog zombie closely misses you.
Your ice beast hits the bullfrog zombie.
Your ice beast freezes the bullfrog zombie.
The bullfrog zombie resists.
You hit the bullfrog zombie.
The bullfrog zombie resists.
The wall freezes the bullfrog zombie.
The bullfrog zombie misses you.
Your ice beast completely misses the bullfrog zombie.
The bullfrog zombie resists.
The wall freezes the bullfrog zombie.
The bullfrog zombie misses you.
You hit the bullfrog zombie.
Your ice beast closely misses the bullfrog zombie.
The bullfrog zombie completely resists.
The wall freezes the bullfrog zombie but does no damage.
The bullfrog zombie hits you but does no damage.
You hit the bullfrog zombie but do no damage.
The bullfrog zombie resists.
The wall freezes the bullfrog zombie.
The bullfrog zombie closely misses you.
Your ice beast closely misses the bullfrog zombie.
The bullfrog zombie completely resists.
The wall freezes the bullfrog zombie but does no damage.
The bullfrog zombie barely misses you.
You barely miss the bullfrog zombie.
Your ice beast hits the bullfrog zombie.
Your ice beast freezes the bullfrog zombie.
The bullfrog zombie resists.
The bullfrog zombie completely resists.
The wall freezes the bullfrog zombie but does no damage.
The bullfrog zombie closely misses you.
An iguana comes into view.
Your ice beast hits the bullfrog zombie.
Your ice beast freezes the bullfrog zombie.
The bullfrog zombie resists.
You hit the bullfrog zombie.
The bullfrog zombie resists.
The wall freezes the bullfrog zombie.
The bullfrog zombie barely misses you.
The bullfrog zombie completely resists.
The wall freezes the bullfrog zombie but does no damage.
The bullfrog zombie barely misses you.
Your ice beast barely misses the bullfrog zombie.
You hit the bullfrog zombie but do no damage.
The frozen ramparts melt away.
The bullfrog zombie barely misses you.
Your ice beast hits the bullfrog zombie.
The bullfrog zombie is destroyed!
Your ice beast hits the iguana but does no damage.
You hit the iguana but do no damage. The iguana bites you!
You die...

.........####.#
...#...#.......##
.###...#....(...##
..##.............#
..#............>.#
.................#
.................#
..####. .......<)#
.>.... .....≈≈.@#
....... ......Yl##
...###. .........
...# .........
...# .........#
.#..# (........#
###..# .........#
# #.# ....... #


You could see an iguana (ally target) and a friendly ice beast (summoned).

Vanquished Creatures
  Prince Ribbit (D:5)
  A necrophage (D:5)
  A sky beast (D:5)
  A centaur zombie (D:5)
  4 hounds
  An iguana (D:4)
  An orc wizard (D:3)
  A hound zombie (D:5)
  A howler monkey zombie (D:2)
  3 adders
  A worm (D:2)
  6 orcs
  5 endoplasms
  2 giant cockroaches (D:2)
  7 hobgoblins
  4 jackals (D:4)
  11 kobolds
  5 quokkas
  10 ball pythons
  7 bats
  2 frilled lizards
  4 goblins
  4 rats
83 creatures vanquished.

Vanquished Creatures (collateral kills)
  A bullfrog zombie (D:5)
1 creature vanquished.

Grand Total: 84 creatures vanquished

Notes
Turn   | Place    | Note
-------+----------+-------------------------------------------
     0 | D:1      | CovertPenguin the Djinni Ice Elementalist began the quest
                  | for the Orb.
     0 | D:1      | Reached XP level 1. HP: 15/15 MP: 0/0
   465 | D:1      | Reached XP level 2. HP: 19/21 MP: 0/0
   503 | D:1      | Reached skill level 4 in Spellcasting
  1508 | D:2      | Reached XP level 3. HP: 24/25 MP: 0/0
  1508 | D:2      | Learned a level 1 spell: Pain
  2292 | D:2      | Reached XP level 4. HP: 4/31 MP: 0/0
  3112 | D:3      | Found a white marble altar of Elyvilon.
  3155 | D:3      | Reached skill level 5 in Spellcasting
  3928 | D:3      | Found a sacrificial altar of Ru.
  3936 | D:3      | Reached XP level 5. HP: 29/35 MP: 0/0
  3936 | D:3      | Learned a level 2 spell: Poisonous Vapours
  3947 | D:3      | Became a worshipper of Ru the Awakened
  4179 | D:4      | You are sucked into a shaft and drop 1 floor!
  4179 | D:5      | Entered Level 5 of the Dungeon
  4180 | D:5      | Noticed a necrophage
  4202 | D:5      | Killed a necrophage
  4218 | D:5      | HP: 1/35 [centaur zombie (2)]
  4224 | D:5      | Reached skill level 6 in Spellcasting
  4224 | D:5      | Reached XP level 6. HP: 1/40 MP: 0/0
  4660 | D:5      | Found a hazy altar of Hepliaklqana.
  4685 | D:5      | Noticed Prince Ribbit
  4699 | D:5      | Killed Prince Ribbit
  4700 | D:5      | Reached skill level 7 in Spellcasting
  4700 | D:5      | Reached XP level 7. HP: 8/45 MP: 0/0
  4700 | D:5      | Learned a level 3 spell: Vampiric Draining
  5120 | D:4      | Identified the +7 whip of Medinir {freeze, rC- Will+ Int+6
                  | Stlth+}
  5182 | D:4      | Found a glowing golden altar of the Shining One.
  5324 | D:4      | Found a sacrificial altar of Ru.
  5390 | D:4      | Gained mutation: You are somewhat unskilled. (-1 Apt) [Ru
                  | sacrifice]
  5390 | D:4      | Reduced skill Spellcasting to level 6
  5390 | D:4      | Reached * piety under Ru
  5868 | D:4      | Found a shimmering altar of Xom.
  5979 | D:5      | Reached skill level 7 in Spellcasting
  5992 | D:5      | Slain by an iguana

Illustrated notes

Levels and vault maps discovered:
D:1:      erik_arrival_orb_chamber, layout_basic, supply_closet_lemuel,
          chequers_big_river, chequers_serial_rivers_small_b
D:2:      minmay_evil_eye, layout_basic
D:3:      layout_rooms, elyvilon_altar_1, nicolae_ru_great_annihilating_truth
D:4:      layout_layer_cave, kennysheep_mini, overflow_temple_1_default,
          lemuel_round_altar, kennysheep_mini_moat
D:5:      layout_rooms, nzn_hepliaklqana_mist_gate, cheibriados_altar_1,
          uniq_prince_ribbit1

Skill      XL: |  1  2  3  4  5  6  7 |
---------------+----------------------+-----
Spellcasting   | 4 5 6 7 7 |  7.1
Dodging        | |  2.0
Stealth        | |  1.4

Action                   |  1- 3 |  4- 6 |  7- 9 || total
-------------------------+-------+-------+-------++-------
Melee: Unarmed           |     4 |       |       ||     4
       Dagger            |    14 |    13 |       ||    27
       Staff             |       |    46 |    13 ||    59
Throw: Stone             |     2 |       |       ||     2
 Cast: Freeze            |    46 |    34 |     6 ||    86
       Frozen Ramparts   |     4 |     6 |     3 ||    13
       Ozocubu's Armour  |     1 |     7 |       ||     8
       Summon Ice Beast  |       |     1 |     1 ||     2
       Vampiric Draining |       |       |     9 ||     9
       Poisonous Vapours |       |       |     3 ||     3
Invok: Sacrifice Skill   |       |       |     1 ||     1
 Stab: Sleeping          |       |     1 |       ||     1
Armor: Robe              |     9 |    48 |     7 ||    64
Dodge: Dodged            |    33 |    69 |    20 ||   122

Table legend: (Time is in decaauts)
 A = Elapsed time spent in this place.
 B = Non-inter-level travel time spent in this place.
 C = Inter-level travel time spent in this place.
 D = Time resting spent in this place.
 E = Time spent auto-exploring this place.
 F = Levels seen in this place.
 G = Mean time per level.
                   A        B        C        D        E       F      G
               +--------+--------+--------+--------+--------+-----+--------+
         Total |   6001 |   5898 |    103 |   1873 |   3400 |   5 | 1200.2 |
       Dungeon |   6001 |   5898 |    103 |   1873 |   3400 |   5 | 1200.2 |
               +--------+--------+--------+--------+--------+-----+--------+

Top non-repeatable levels by time:
     D:2: 1536 daAuts
     D:1: 1390 daAuts
     D:3: 1206 daAuts
     D:4: 1053 daAuts
     D:5: 815 daAuts
